 Dungeon Crawl Stone Soup version 0.31-a0-196-g86fe4a5e66 (console) character file.

Game seed: 3967448960156705819

16 petzl the Sneak (level 2, -8/24 HPs)
             Began as a Formicid Delver on June 24, 2023.
             Killed from afar by a white imp (10 damage)
             ... with a puff of frost
             ... on level 5 of the Dungeon.
             The game lasted 00:06:14 (678 turns).

petzl the Sneak (Formicid Delver)                    Turns: 678, Time: 00:06:17

Health: -8/24      AC:  3    Str: 16    XL:     2   Next: 75%
Magic:  5/5        EV: 12    Int:  9    God:
Gold:   70         SH:  0    Dex: 15    Spells: 5/5 levels left

rFire   . . .        a - +0 mace
rCold   . . .        (no shield)
rNeg    . . .        b - +0 leather armour
rPois   .            (helmet unavailable)
rElec   .            (no cloak)
rCorr   .            (no gloves)
SInv    +            (no boots)
Will    .....        (no amulet)
Stlth   +++          (no ring)
HPRegen 0.24/turn    (no ring)
MPRegen 0.09/turn

%: no passive effects
@: no status effects
A: permanent stasis, dig shafts and tunnels, antennae 3, four strong arms
a: Dig, Shaft Self


You were on level 5 of the Dungeon.
You visited 2 branches of the dungeon, and saw 5 of its levels.
You also visited: Ossuary.

You collected 70 gold pieces.

Inventory:

Hand Weapons
 a - a +0 mace (weapon)
Armour
 b - a +0 leather armour (worn)
Wands
 f - a wand of digging (1)
Scrolls
 c - a scroll of fog
 d - a scroll of revelation
 e - a scroll of fear
 i - a scroll of identify
 m - 2 scrolls of vulnerability
Potions
 h - a potion of haste {unknown}
 j - a potion of magic {unknown}
 k - a potion of heal wounds {unknown}


   Skills:
 - Level 3.2 Fighting
 - Level 2.0 Maces & Flails
 - Level 1.7 Dodging
 - Level 6.0 Stealth
 + Level 2.1 Spellcasting


You had 5 spell levels left.
You didn't know any spells.
Your spell library was empty.

Dungeon Overview and Level Annotations

Branches:
Dungeon (8/15)             Temple (1/1) D:7         Ossuary (visited)
   Lair: D:8-11

Altars:
Cheibriados
Dithmenos
Elyvilon
Kikubaaqudgha
Trog
Xom
Zin
The Shining One

Annotations:
D:5 exclusions: shadow imp and water moccasin
D:7 exclusion: downstairs


Innate Abilities, Weirdness & Mutations

You cannot be hasted, slowed, berserked, paralysed or teleported.
You can dig through walls and to a lower floor.
You have a pair of large antennae on your head. (SInv)
Your four strong arms can wield two-handed weapons with a shield.


Message History

You hit the white imp but do no damage.
The white imp is lightly wounded.
The white imp closely misses you.
You hit the white imp.
The white imp is severely wounded.
The white imp gestures at you. The puff of frost hits you!
A white imp comes into view.
The white imp hits you. The white imp freezes you.
The white imp moves out of view.
You feel better. The white imp gestures at you. The puff of frost hits you.
* * * LOW HITPOINT WARNING * * *
The white imp gestures at you. The puff of frost misses you.
You see here a +0 leather armour.
You feel better.
You barely miss the white imp.
The white imp is severely wounded.
The white imp gestures at you. The puff of frost hits you!
Ouch! That really hurt!
* * * LOW HITPOINT WARNING * * *
You closely miss the white imp.
The white imp is severely wounded.
The white imp hits you but does no damage.
You feel better. The white imp closely misses you.
You barely miss the white imp.
The white imp is severely wounded.
The white imp hits you. The white imp freezes you.
You barely miss the white imp.
The white imp is severely wounded.
The white imp hits you.
* * * LOW HITPOINT WARNING * * *
The white imp freezes you.
* * * LOW HITPOINT WARNING * * *
The white imp gestures at you. The puff of frost hits you!
You die...

###### # #....# ## #....# .#
######## #....# .# #......#
#....##### .# #......#
#........# ># #......#
#....###5..
.###......######....#
..##.......##....#.## ###
..##......#.#....#@# ....
#.##......##.....#5# ..#.#
#.##......###....#.# ##.5...
#.........###......##...#.##
..#.###.####................
#...###.# ..#...............
##...##.# ...#.##.#.........
#....#.# #.................
##.#.#S# #.......#.........
#...#.###....##.#....5....
##..........[ #...........
##.......... #..#........
##.......... ...........
##.#......... ............
#.##......... .###.........
# ###.###... .# .## .# .


You could see a white imp.

Vanquished Creatures
  A mummy (Ossuary)
  An ufetubus (D:7)
2 creatures vanquished.

Notes
Turn   | Place    | Note
-------+----------+-------------------------------------------
     0 | D:5      | petzl the Formicid Delver began the quest for the Orb.
     0 | D:5      | Reached XP level 1. HP: 18/18 MP: 1/1
    23 | D:5      | Noticed a water moccasin
   137 | D:7      | Reached skill level 1 in Spellcasting
   146 | D:6      | Noticed a hound
   175 | D:7      | Found a sand-covered staircase.
   188 | D:7      | Found a staircase to the Ecumenical Temple.
   208 | Temple   | Entered the Ecumenical Temple
   397 | Ossuary  | Entered an ossuary
   427 | Ossuary  | Reached XP level 2. HP: 8/24 MP: 3/5
   616 | D:5      | Noticed a scorpion
   678 | D:5      | Killed from afar by a white imp

Illustrated notes

Levels and vault maps discovered:
D:5:      layout_rooms, mainiacjoe_overflow_catwalk
D:6:      layout_basic, mainiacjoe_overflow_alcove_1, st_stairs_9,
          dreamdust_wishing_well, kennysheep_generic_room_11, uniq_pikel,
          uniq_maggie, uniq_crazy_yiuf_cottage
D:7:      layout_cave_pools, minmay_temple_entry_junction, enter_ossuary_1
D:8:      layout_basic, nicolae_uskayaw_dance_hall, lair_entry_dummy
Temple:   hellmonk_temple_flake

Skill      XL: |  1 |
---------------+----+-----
Spellcasting   | 2 |  2.1
Fighting       | |  3.2
Maces & Flails | |  2.0
Dodging        | |  1.7
Stealth        | |  6.0

Action                     || total
---------------------------++-------
  Melee: Mace              ||    19
         Punch             ||     1
  Evoke: Wand              ||     2
    Use: Scroll            ||     3
         Potion            ||     3
 Armour: Leather armour    ||     4
  Dodge: Dodged            ||    21

Table legend: (Time is in decaauts)
 A = Elapsed time spent in this place.
 B = Non-inter-level travel time spent in this place.
 C = Inter-level travel time spent in this place.
 D = Time resting spent in this place.
 E = Time spent auto-exploring this place.
 F = Levels seen in this place.
 G = Mean time per level.
                   A        B        C        D        E       F      G
               +--------+--------+--------+--------+--------+-----+--------+
         Total |    686 |    676 |     10 |     62 |    150 |   6 |  114.3 |
       Dungeon |    413 |    413 |      0 |      0 |     22 |   4 |  103.2 |
        Temple |    149 |    139 |     10 |      0 |    128 |   1 |  149.0 |
       Ossuary |    123 |    123 |      0 |     62 |      0 |   1 |  123.0 |
               +--------+--------+--------+--------+--------+-----+--------+

Top non-repeatable levels by time:
     D:7: 194 daAuts
  Temple: 149 daAuts
     D:5: 124 daAuts
 Ossuary: 123 daAuts
     D:6: 92 daAuts
     D:8: 1 daAuts
